 Dungeon Crawl Stone Soup version 0.18-a0-1243-g9e52518 (webtiles) character file.

410326 Lathuz the Slayer (level 22, 0/226 HPs)
             Began as a Minotaur Berserker on Feb 3, 2016.
             Was a High Priest of Trog.
             Slain by a caustic shrike zombie (9 damage)
             ... on level 4 of the Depths on Feb 5, 2016.
             The game lasted 02:48:19 (62229 turns).

Lathuz the Slayer (Minotaur Berserker)             Turns: 62229, Time: 02:48:19

Health: 0/226      AC: 23    Str: 24    XL:     22   Next: 45%
Magic:  7/7        EV: 19    Int:  4    God:    Trog [*****.]
Gold:   3965       SH:  0    Dex: 18    Spells: 0 memorised, 21 levels left

rFire  . . .     SeeInvis .     I - +6 executioner's axe (antimagic)
rCold  . . .     Gourm    .     n - +7 plate armour {MR+}
rNeg   . . .     Faith    +     (shield currently unavailable)
rPois  .         Spirit   .     (helmet restricted)
rElec  +         Dismiss  .     i - +0 cloak
rCorr  .         Reflect  .     F - +0 pair of gloves "Cusyrgh" {Stlth+}
SustAt .         Harm     .     s - +1 pair of boots
MR     +++++                    q - amulet of Idealism {Faith rElec}
Stlth  ..........               J - +5 ring of evasion
                                V - ring of protection from magic

@: lethally poisoned (0 -> -15), corroded equipment, regenerating, almost
entirely resistant to hostile enchantments, extremely unstealthy
A: retaliatory headbutt, horns 2
a: Berserk, Trog's Hand, Brothers in Arms, Burn Spellbooks, Renounce Religion
}: 2/15 runes: decaying, gossamer


You were on level 4 of the Depths.
You worshipped Trog.
Trog was extremely pleased with you.
You were not hungry.

You visited 7 branches of the dungeon, and saw 41 of its levels.
You visited the Abyss 1 time.
You visited 1 bazaar.
You also visited: Labyrinth and Ossuary.

You collected 4379 gold pieces.
You spent 414 gold pieces at shops.

Inventory:

Hand Weapons
 o - the +4 battleaxe "Iwuoggebb" {freeze, rPois MR++ Str+4}
   (Trog gifted it to you on level 3 of the Lair of Beasts)

   It has been specially enchanted to freeze those struck by it, causing extra
   injury to most foes and up to half again as much damage against particularly
   susceptible opponents.
   It can also slow down cold-blooded creatures.
   It affects your strength (+4).
   It protects you from poison.
   It affects your resistance to hostile enchantments.
 I - a +6 antimagic executioner's axe (weapon)
Missiles
 a - 5 needles of paralysis
 e - 1439 stones (quivered)
Armour
 i - a +0 cloak (worn)
 n - a +7 plate armour of magic resistance (worn)
 s - a +1 pair of boots (worn)
 F - the +0 pair of gloves "Cusyrgh" (worn) {Stlth+}
   (You acquired it on level 1 of the Vaults)

   It makes you more stealthy.
Jewellery
 q - the amulet of Idealism (around neck) {Faith rElec}
   (You took it off Nessos on level 12 of the Dungeon)

   [amulet of faith]

   It allows you to gain divine favour quickly.
   It insulates you from electricity.
 t - an uncursed ring of protection from fire
 z - an uncursed ring of ice
 B - an uncursed ring of positive energy
 C - an uncursed amulet of harm {unknown}
 J - a +5 ring of evasion (right hand)
 K - a +3 ring of strength
 T - an uncursed amulet of guardian spirit
 V - a ring of protection from magic (left hand)
Wands
 g - a wand of teleportation (1/9)
 l - a wand of lightning (12/15)
 S - a wand of paralysis (22/24)
Scrolls
 f - 19 scrolls of remove curse
 m - 7 scrolls of teleportation
 p - 7 scrolls of magic mapping
 u - 6 scrolls of fear
 x - a scroll of enchant armour
 y - a scroll of fog
 L - a scroll of summoning
 O - 5 scrolls of blinking
 Q - a scroll of silence
 W - 2 scrolls of holy word
 Z - 5 scrolls of recharging
Potions
 b - 6 potions of haste
 d - 9 potions of might
 h - 9 potions of curing
 v - 3 potions of berserk rage
 w - 5 potions of flight
 A - 5 potions of heal wounds
 H - 9 potions of agility
 N - 2 potions of magic
 P - a potion of cure mutation
 Y - a potion of invisibility
Comestibles
 c - 15 bread rations
 j - a chunk of flesh
 k - 12 meat rations
 r - 11 slices of pizza


   Skills:
 - Level 25.0 Fighting
 * Level 23.2 Axes
 - Level 25.0 Armour
 - Level 16.7 Dodging


You had 21 spell levels left.
You didn't know any spells.

Dungeon Overview and Level Annotations

Branches:
Dungeon (15/15)            Temple (0/1) D:7            Lair (8/8) D:10
  Swamp (4/4) Lair:6       Spider (4/4) Lair:4        Slime (0/6) Lair:6
    Orc (2/2) D:10            Elf (0/3) Orc:2        Vaults (4/5) D:13
  Crypt (0/3) Vaults:3     Depths (4/5) D:15

Altars:
Ashenzari
Cheibriados
Gozag
Kikubaaqudgha
Makhleb
Okawaru
Pakellas
Qazlal
Ru
Sif Muna
Xom
Yredelemnul
Zin
The Shining One
Beogh
Jiyva

Shops:
D:13 (   Orc:2 =(*[   Vaults:2 !   Vaults:3 ?   Depths:1 [

Portals:
Hell: Lair:8 Depths:1 Depths:2 Depths:3
Pandemonium: Depths:2 Depths:3

Annotations:
Swamp:4 exclusion: oklob plant


Innate Abilities, Weirdness & Mutations

You reflexively headbutt those who attack you in melee.
You have a pair of horns on your head.


Message History

You feel very sick.
You hear a shout!
The spriggan defender hits you but does no damage.
The stone giant misses you. You furiously retaliate!
You headbutt the stone giant, but do no damage.
* * * LOW HITPOINT WARNING * * *
You feel very sick.
The spriggan defender closely misses you.
You furiously retaliate!
You headbutt the spriggan defender, but do no damage.
The caustic shrike zombie claws you but does no damage.
There is a stone staircase leading up here.
* * * LOW HITPOINT WARNING * * *
You feel very sick.
The spriggan defender barely misses you.
You furiously retaliate!
You headbutt the spriggan defender! The caustic shrike zombie claws you!
* * * LOW HITPOINT WARNING * * *
The caustic shrike zombie claws you!
You die...

#. ## #.# #.
#.# .. #.#
.# #.# ..#
#. #.##..#
##..###.#C.#
........Zi.#
##..%.@iC.#
#..####C#..#
#. .# .%=.
.# ##. #. .
..


You could see a frost giant, 2 stone giants, a spriggan defender, a spriggan
berserker and a caustic shrike zombie.

Vanquished Creatures
  Mara (Spider:3)
  A juggernaut (Depths:3)
  The ghost of PeterLawrence the Hoplite, a legendary GrFi of the Shining One (Depths:2)
  Saint Roka (Vaults:1)
  Margery (Vaults:2)
  2 golden dragons (Depths:3)
  A bone dragon (Swamp:4)
  Jorgrun (Swamp:4)
  A tentacled monstrosity (Swamp:4)
  Rupert (D:12)
  A lich (Depths:3)
  A titan (Depths:3)
  3 sphinxes
  A storm dragon (Depths:3)
  Kirke (Lair:7)
  The ghost of George the Fencer, an adept MiFi of the Shining One (Spider:2)
  A tengu reaver (Depths:3)
  4 fire giants
  An orc warlord (Orc:2)
  Maud (D:11)
  Donald (D:13)
  14 vault wardens
  2 ghost moths (Spider:4)
  2 deep elf sorcerers (Vaults:2)
  11 emperor scorpions
  5 frost giants
  Louise (Spider:1)
  A reaper (Depths:3)
  12 ironheart preservers
  3 very ugly things (Depths:3)
  A spriggan defender (Depths:4)
  2 salamander stormcallers (Vaults:2)
  14 stone giants
  Nessos (D:12)
  3 vampire knights
  2 spark wasps
  A deep elf demonologist (Vaults:2)
  A deep elf annihilator (Vaults:2)
  A dire elephant (D:15)
  An eidolon (Vaults:3)
  15 ettins
  A blizzard demon (Depths:2)
  Snorg (Lair:4)
  6 fire dragons
  2 deep elf death magi (Vaults:2)
  9 vault guards
  A minotaur (Lab)
  11 great orbs of eyes
  8 rakshasas
  5 yaktaur captains
  Harold (D:12)
  10 entropy weavers
  9 ice dragons
  A ghost crab (Swamp:4)
  12 hydras
  The ghost of ololoev the Destroyer, a journeyman DEFE of Sif Muna (Lair:7)
  2 spriggan air magi
  14 centaur warriors
  15 ogre magi
  8 death yaks
  3 deep troll earth magi
  10 deep troll shamans
  2 orc high priests (Orc:2)
  8 alligators
  2 vampire magi
  A tengu warrior (Depths:1)
  A shock serpent (shapeshifter) (Depths:2)
  Sonja (D:14)
  4 spriggan berserkers
  6 deep elf knights
  2 sun demons
  5 hell knights (Vaults:2)
  4 iron trolls
  3 salamander mystics
  9 skeletal warriors
  4 fire crabs
  A deep troll (shapeshifter) (Vaults:1)
  A gelid demonspawn (Depths:2)
  A shadow wraith (Vaults:3)
  A spriggan druid (Swamp:4)
  2 giant orange brains
  19 deep trolls
  3 unseen horrors
  A flayed ghost (Vaults:2)
  A hill giant (shapeshifter) (Depths:1)
  3 necromancers
  An orange crystal statue (Vaults:1)
  3 hill giants
  A spectral hydra (Swamp:4)
  9 deep elf archers
  A putrid demonspawn (Depths:3)
  9 orc knights
  5 phantasmal warriors
  18 deep elf magi
  12 orb spiders
  3 swamp dragons
  52 ugly things
  A wizard (Depths:2)
  4 orc sorcerers
  3 harpies (Vaults:4)
  10 hornets
  13 ironbrand convokers
  A mana viper (shapeshifter) (Depths:3)
  39 wolf spiders
  3 manticores
  40 slime creatures
  6 cyclopes
  An octopode (shapeshifter) (Depths:2)
  9 salamanders
  6 griffons
  2 moths of wrath
  11 elephants
  14 vault sentinels
  A black mamba (shapeshifter) (Vaults:1)
  5 torpor snails
  A smoke demon (Lair:8)
  6 black mambas
  A yaktaur zombie (Vaults:4)
  An elf zombie (Depths:3)
  2 kobold demonologists
  A swamp worm zombie (Swamp:4)
  19 spiny frogs
  33 yaktaurs
  A komodo dragon (shapeshifter) (Vaults:2)
  3 fire drakes
  3 ice devils
  14 komodo dragons
  11 demonic crawlers
  5 hydra zombies (Swamp:4)
  A queen bee (Lair:1)
  4 trolls
  A troll (shapeshifter) (Vaults:3)
  18 jumping spiders
  A freezing wraith (D:15)
  A polar bear (Lair:8)
  6 giant leeches
  37 two-headed ogres
  2 spectral swamp dragons (Swamp:4)
  17 blink frogs
  4 alligator zombies (Swamp:4)
  7 bog bodies
  12 boulder beetles
  A blink frog (shapeshifter) (Vaults:3)
  2 air elementals
  90 redbacks
  4 shadows
  2 spriggans
  31 tarantellas
  5 water elementals (Depths:3)
  4 wyverns
  5 hogs
  A wraith (Vaults:3)
  53 yaks
  A yak (shapeshifter) (Vaults:2)
  A hog (shapeshifter) (Vaults:3)
  10 hippogriffs
  2 hippogriffs (shapeshifter)
  The ghost of Azzok the Changer, an amateur NaTm (D:4)
  A steam dragon (D:9)
  2 basilisks
  13 humans
  2 chaos spawn (Depths:3)
  6 hungry ghosts
  16 wolves
  A mottled dragon (Vaults:2)
  26 vampire mosquitoes
  Menkaure (D:6)
  A swamp worm (shapeshifter) (Depths:1)
  5 wargs
  18 insubstantial wisps
  16 swamp worms
  Edmund (D:6)
  A soldier ant (D:11)
  A hell hound (Lair:8)
  20 water moccasins
  13 porcupines
  58 orc warriors
  10 swamp drakes
  2 ice beasts
  7 sky beasts
  An eye of draining (shapeshifter) (Vaults:3)
  10 wasps
  A black bear (D:9)
  8 phantoms
  A wasp (shapeshifter) (Depths:1)
  A black bear (shapeshifter) (Depths:1)
  2 swamp dragon zombies (Swamp:4)
  7 boggarts
  60 ogres
  27 centaurs
  2 necrophages
  19 crocodiles
  3 big kobolds
  25 giant frogs
  4 gnoll sergeants (D:10)
  A glowing shapeshifter simulacrum (Depths:3)
  2 wyvern skeletons
  7 scorpions
  A scorpion (shapeshifter) (D:13)
  An elf simulacrum (Vaults:3)
  49 killer bees
  7 wights
  2 electric eels
  5 crimson imps
  3 giant frog zombies
  A human simulacrum (Vaults:3)
  3 centaur zombies
  27 orc priests
  15 hounds
  3 jellies
  2 giant frog skeletons
  An iron imp (Depths:1)
  22 orc wizards
  9 centaur skeletons
  3 human zombies
  A gnoll shaman (D:10)
  Ijyb (D:2)
  12 iguanas
  13 worker ants
  9 sheep
  A big kobold zombie (Ossuary)
  A hound zombie (D:9)
  2 hound skeletons
  6 mummies (Ossuary)
  A worker ant zombie (D:11)
  35 gnolls
  15 river rats
  8 adders
  4 swamp drake zombies (Swamp:4)
  5 shadow imps
  An adder zombie (D:9)
  An adder skeleton (D:8)
  7 worms
  7 giant geckos
  104 orcs
  7 bats
  5 giant cockroaches
  10 goblins
  12 hobgoblins
  9 jackals
  A quokka (D:6)
  A giant gecko skeleton (D:7)
  6 giant newts
  3 gnoll zombies (Ossuary)
  A jackal skeleton (D:4)
  21 kobolds
  2 kobold zombies (Ossuary)
  An orc zombie (Ossuary)
  2 quokka skeletons
  2 quokka zombies (D:4)
  8 rats
  4 fungi
  7 plants
1935 creatures vanquished.

Vanquished Creatures (collateral kills)
  Nikola (Swamp:3)
  Xtahua (Depths:3)
  A lich (Depths:1)
  A shadow dragon (Vaults:3)
  A fire giant (Vaults:4)
  2 vault wardens
  An orc warlord (Orc:2)
  A deep elf sorcerer (Vaults:2)
  Aizul (Vaults:4)
  A caustic shrike zombie (Depths:3)
  2 ironheart preservers
  A vampire knight (Depths:2)
  The ghost of 4thArraOfDagon the Cleaver, a journeyman TrAM of Okawaru (D:15)
  A yaktaur captain (Vaults:4)
  A hydra (D:15)
  A catoblepas (Lair:2)
  An entropy weaver (Spider:1)
  An alligator (Swamp:1)
  Nergalle (Orc:2)
  A deep troll (Vaults:1)
  A swamp dragon (Swamp:4)
  2 wizards
  A wolf spider (Spider:4)
  An ironbrand convoker (Vaults:4)
  An orb spider (Spider:1)
  An ugly thing (Depths:3)
  A sixfirhy (Lair:8)
  A swamp worm zombie (Swamp:4)
  2 yaktaurs
  An orange demon (Lair:8)
  An efreet (D:15)
  A kobold demonologist (Vaults:2)
  2 red devils (Lair:8)
  2 jumping spiders
  4 ice devils (Lair:8)
  A hellwing (Depths:2)
  4 bog bodies
  A slime creature (Vaults:1)
  3 redbacks
  A yak (D:12)
  A tarantella (Vaults:2)
  A hippogriff (D:14)
  4 humans (D:13)
  2 hogs (Lair:7)
  A vampire mosquito (Swamp:1)
  A mottled dragon (D:15)
  3 swamp worms (Swamp:1)
  An insubstantial wisp (Swamp:4)
  2 orc warriors (Orc:2)
  A swamp drake (Swamp:1)
  An ogre (D:13)
  4 boggarts (Vaults:1)
  5 killer bees (D:12)
  An electric eel (D:10)
  An orc wizard (Orc:2)
  A giant frog skeleton (D:12)
  A spectral swamp drake (Swamp:4)
  An adder (D:12)
  4 orcs (Orc:2)
90 creatures vanquished.

Vanquished Creatures (others)
  A salamander stormcaller (Vaults:2)
  A redback (Spider:3)
  2 insubstantial wisps (Swamp:4)
  A swamp drake (Swamp:4)
  An orc priest (Orc:2)
  6 fungi
  5 plants
17 creatures vanquished.

Grand Total: 2042 creatures vanquished

Notes
Turn   | Place    | Note
--------------------------------------------------------------
     0 | D:1      | Lathuz the Minotaur Berserker began the quest for the Orb.
     0 | D:1      | Reached XP level 1. HP: 19/19 MP: 0/0
     0 | D:1      | Upgraded the game from 0.18-a0-1225-g5d63bca to 0.18-a0-1229-ge9a1a01
   238 | D:1      | Reached skill level 4 in Axes
   450 | D:1      | Reached XP level 2. HP: 21/26 MP: 1/1
   729 | D:2      | Reached skill level 5 in Axes
   765 | D:2      | Found an iron altar of Okawaru.
   765 | D:2      | Found a shattered altar of Ashenzari.
   868 | D:2      | Reached ** piety under Trog
   870 | D:2      | Reached XP level 3. HP: 31/31 MP: 2/2
   881 | D:2      | Reached XP level 4. HP: 39/39 MP: 3/3
   971 | D:2      | Reached skill level 6 in Axes
  1263 | D:2      | Noticed Ijyb
  1273 | D:2      | Killed Ijyb
  1273 | D:2      | Reached skill level 7 in Axes
  1273 | D:2      | Reached XP level 5. HP: 45/45 MP: 4/4
  1292 | D:2      | Found a basalt altar of Yredelemnul.
  1544 | D:3      | Reached *** piety under Trog
  1756 | D:3      | Found a shimmering altar of Xom.
  2430 | D:4      | Noticed an ogre
  2439 | D:4      | Killed an ogre
  2439 | D:4      | Reached skill level 8 in Axes
  2439 | D:4      | Reached XP level 6. HP: 30/51 MP: 5/5
  2904 | D:4      | Found a sand-covered staircase.
  2911 | Ossuary  | Entered an ossuary
  3139 | Ossuary  | Reached skill level 9 in Axes
  3446 | D:4      | Noticed Azzok's ghost (amateur NaTm)
  3456 | D:4      | Killed Azzok's ghost
  3456 | D:4      | Reached skill level 10 in Axes
  3456 | D:4      | Reached XP level 7. HP: 57/57 MP: 6/6
  3726 | D:5      | Entered Level 5 of the Dungeon
  4193 | D:5      | Found an opulent altar of Gozag.
  4306 | D:5      | Found an oddly glowing altar of Pakellas.
  4407 | D:5      | Found a stormy altar of Qazlal.
  4431 | D:5      | Reached skill level 11 in Axes
  4637 | D:6      | Reached **** piety under Trog
  4641 | D:6      | Reached XP level 8. HP: 64/64 MP: 7/7
  4928 | D:6      | Found a snail-covered altar of Cheibriados.
  4989 | D:6      | Noticed Edmund
  5003 | D:6      | Killed Edmund
  5003 | D:6      | Reached skill level 12 in Axes
  5094 | D:6      | Noticed Menkaure
  5100 | D:6      | Killed Menkaure
  5601 | D:7      | Reached skill level 13 in Axes
  5919 | D:7      | Reached XP level 9. HP: 70/70 MP: 8/8
  5921 | D:7      | Reached skill level 14 in Axes
  6075 | D:7      | Found a staircase to the Ecumenical Temple.
  6480 | D:8      | Reached skill level 5 in Fighting
  6533 | D:8      | Found a basalt altar of Yredelemnul.
  6767 | D:8      | Reached skill level 5 in Armour
  7061 | D:8      | Found a burning altar of Makhleb.
  7146 | D:8      | Reached ***** piety under Trog
  7831 | D:8      | Received a gift from Trog
  7878 | D:8      | Found a deep blue altar of Sif Muna.
  8220 | D:9      | Found a glowing silver altar of Zin.
  8229 | D:9      | Found a deep blue altar of Sif Muna.
  8406 | D:9      | Reached XP level 10. HP: 76/86 MP: 9/9
  8573 | D:9      | Found a glowing golden altar of the Shining One.
  8937 | D:10     | Entered Level 10 of the Dungeon
  9246 | D:10     | Reached skill level 10 in Fighting
  9720 | D:10     | Reached skill level 10 in Armour
  9824 | D:10     | Found a staircase to the Orcish Mines.
 10034 | D:10     | Found a staircase to the Lair.
 10327 | D:10     | Reached XP level 11. HP: 81/99 MP: 10/10
 10902 | Lair:1   | Entered Level 1 of the Lair of Beasts
 11922 | Lair:2   | Noticed a five-headed hydra
 11928 | Lair:2   | Killed an eight-headed hydra
 12045 | Lair:2   | Noticed a catoblepas
 12068 | Lair:2   | Killed a catoblepas
 13134 | Lair:3   | Reached XP level 12. HP: 96/113 MP: 8/11
 13321 | Lair:3   | Received a gift from Trog
 13324 | Lair:3   | Got an encrusted battleaxe {god gift}
 13325 | Lair:3   | Identified the +4 battleaxe "Iwuoggebb" {freeze, rPois MR++ Str+4} (Trog gifted it to you on level 3 of the Lair of Beasts)
 14384 | Lair:4   | Noticed Snorg
 14391 | Lair:4   | Killed Snorg
 14391 | Lair:4   | Reached skill level 5 in Dodging
 15199 | Lair:4   | Found a hole to the Spider Nest.
 15466 | Lair:4   | Reached skill level 15 in Axes
 15986 | Lair:5   | Noticed a five-headed hydra
 15987 | Lair:5   | Noticed a death yak
 15988 | Lair:5   | Noticed a death yak
 15990 | Lair:5   | Noticed a death yak
 15990 | Lair:5   | Killed a seven-headed hydra
 15991 | Lair:5   | Noticed a death yak
 15996 | Lair:5   | Killed a death yak
 15996 | Lair:5   | Reached XP level 13. HP: 116/120 MP: 7/12
 15998 | Lair:5   | Reached skill level 10 in Dodging
 16008 | Lair:5   | Reached ****** piety under Trog
 16587 | Lair:5   | Got a jade-encrusted plate armour
 16588 | Lair:5   | Identified the cursed +0 plate armour "Dumnilaoqa" {*Corrode rF+ rC++ MP+9} (You found it on level 5 of the Lair of Beasts)
 17179 | Lair:6   | Found a viscous altar of Jiyva.
 17179 | Lair:6   | Found a staircase to the Slime Pits.
 17305 | Lair:6   | Found a staircase to the Swamp.
 17793 | Lair:7   | Noticed ololoev's ghost (journeyman DEFE)
 17804 | Lair:7   | Received a gift from Trog
 17809 | Lair:7   | Killed ololoev's ghost
 17809 | Lair:7   | Reached skill level 16 in Axes
 18055 | Lair:7   | Noticed Kirke
 18067 | Lair:7   | Killed Kirke
 18894 | Lair:8   | Entered Level 8 of the Lair of Beasts
 18914 | Lair:8   | Reached XP level 14. HP: 127/127 MP: 9/13
 19221 | Lair:8   | Received a gift from Trog
 19290 | Lair:8   | Found a burning altar of Makhleb.
 19297 | Lair:8   | Reached skill level 17 in Axes
 19309 | Lair:8   | Found a gateway to Hell.
 20845 | Orc:1    | Entered Level 1 of the Orcish Mines
 20998 | Orc:2    | Entered Level 2 of the Orcish Mines
 20998 | Orc:2    | Noticed an orc warlord
 21001 | Orc:2    | Received a gift from Trog
 21008 | Orc:2    | Killed an orc warlord
 21477 | Orc:2    | Noticed an orc warlord
 21478 | Orc:2    | Found a roughly hewn altar of Beogh.
 21478 | Orc:2    | Noticed Nergalle
 21495 | Orc:2    | Found a roughly hewn altar of Beogh.
 21961 | Orc:2    | Found Nankofid's Antique Armour Shoppe.
 21975 | Orc:2    | Found Ohiemmuah's General Store.
 22012 | Orc:2    | Found a staircase to the Elven Halls.
 22070 | Orc:2    | Bought a potion of mutation for 45 gold pieces
 22070 | Orc:2    | Bought a scroll of vulnerability for 135 gold pieces
 22123 | Orc:2    | Found Yreh's Antique Weapon Shoppe.
 22187 | Orc:2    | Killed an orc warlord
 22191 | Orc:2    | Killed Nergalle
 22191 | Orc:2    | Reached skill level 18 in Axes
 22407 | Orc:2    | Found Gael's Jewellery Shoppe.
 22465 | Orc:2    | Received a gift from Trog
 22690 | D:11     | Noticed Maud
 22703 | D:11     | Killed Maud
 22919 | D:11     | Found a labyrinth entrance.
 22971 | Lab      | Entered a labyrinth
 24734 | D:11     | Reached XP level 15. HP: 138/138 MP: 14/14
 25115 | D:12     | Found a burning altar of Makhleb.
 25205 | D:12     | Noticed Rupert
 25215 | D:12     | Killed Rupert
 25548 | D:12     | Noticed Harold
 25566 | D:12     | Killed Harold
 25945 | D:12     | Noticed Nessos
 25951 | D:12     | Killed Nessos
 25953 | D:12     | Got an ancient ruby amulet
 26047 | D:13     | Found a gate to the Vaults.
 26047 | D:13     | Noticed Donald
 26056 | D:13     | Reached skill level 19 in Axes
 26066 | D:13     | Killed Donald
 26401 | D:13     | Received a gift from Trog
 26809 | D:13     | Found Vyxi's Antique Weapon Emporium.
 27233 | D:14     | Reached skill level 15 in Armour
 27364 | D:14     | Noticed Sonja
 27582 | D:14     | Found a sacrificial altar of Ru.
 27607 | D:14     | Cast into level 2 of the Abyss (Sonja)
 27617 | Abyss:3  | Found a corrupted altar of Lugonu.
 27631 | Abyss:4  | Noticed a revenant
 27648 | D:14     | Escaped the Abyss
 27650 | D:14     | Killed Sonja
 27800 | D:14     | Reached skill level 15 in Fighting
 27846 | D:14     | Identified the amulet of Idealism {Faith rElec} (You took it off Nessos on level 12 of the Dungeon)
 27894 | D:14     | Found a glowing silver altar of Zin.
 28190 | D:15     | Entered Level 15 of the Dungeon
 28450 | D:15     | Found an ancient bone altar of Kikubaaqudgha.
 28837 | D:15     | Noticed 4thArraOfDagon's ghost (journeyman TrAM)
 28845 | D:15     | Killed 4thArraOfDagon's ghost
 28980 | D:15     | Found a staircase to the Depths.
 29162 | D:15     | Reached skill level 20 in Axes
 29868 | Lair:2   | Reached XP level 16. HP: 139/149 MP: 15/15
 29960 | Swamp:1  | Entered Level 1 of the Swamp
 30255 | Swamp:1  | Received a gift from Trog
 31953 | Swamp:3  | Received a gift from Trog
 32026 | Swamp:3  | Noticed Nikola
 32041 | Swamp:3  | Killed Nikola
 32291 | Swamp:4  | Entered Level 4 of the Swamp
 32297 | Swamp:4  | Noticed Jorgrun
 32310 | Swamp:4  | Killed Jorgrun
 33822 | Swamp:4  | Noticed a bone dragon
 33841 | Swamp:4  | Killed a bone dragon
 34137 | Swamp:4  | Noticed a tentacled monstrosity
 34146 | Swamp:4  | Killed a tentacled monstrosity
 35048 | Swamp:4  | Got a decaying rune of Zot
 35319 | Spider:1 | Entered Level 1 of the Spider Nest
 35355 | Spider:1 | Reached XP level 17. HP: 148/160 MP: 16/16
 35563 | Spider:1 | Noticed Louise
 35591 | Spider:1 | Killed Louise
 35852 | Spider:2 | Received a gift from Trog
 36471 | Spider:2 | Noticed George's ghost (adept MiFi)
 36492 | Spider:2 | Killed George's ghost
 36535 | Spider:2 | HP: 3/163 [disintegration (37)]
 37980 | Spider:3 | Noticed Mara
 37987 | Spider:3 | Noticed Lathuz's illusion
 37998 | Spider:3 | Killed Mara
 37998 | Spider:3 | Reached skill level 21 in Axes
 38887 | Spider:3 | Reached skill level 22 in Axes
 39800 | Spider:4 | Entered Level 4 of the Spider Nest
 40395 | Spider:4 | Received a gift from Trog
 40423 | Spider:4 | Reached XP level 18. HP: 155/173 MP: 17/17
 41077 | Spider:4 | Got a gossamer rune of Zot
 41477 | Vaults:1 | Entered Level 1 of the Vaults
 41488 | Vaults:1 | Noticed Saint Roka
 41511 | Vaults:1 | Killed Saint Roka
 41511 | Vaults:1 | Received a gift from Trog
 42314 | Vaults:1 | Received a gift from Trog
 42993 | Vaults:1 | Received a gift from Trog
 43496 | Vaults:1 | Identified a scroll of acquirement
 43497 | Vaults:1 | Got a pair of encrusted gloves
 43508 | Vaults:1 | Identified the +0 pair of gloves "Cusyrgh" {Stlth+} (You acquired it on level 1 of the Vaults)
 43740 | Vaults:1 | Found a gateway to a bazaar.
 43798 | Bazaar   | Entered a bazaar
 43798 | Bazaar   | Found Gopi's Weapon Boutique.
 43798 | Bazaar   | Found Vicroil's Armour Shop.
 43798 | Bazaar   | Found Vemapneo's Armour Shop.
 44063 | Vaults:2 | Got an ancient plate armour
 44064 | Vaults:2 | Identified the +6 plate armour of Servitude {rF- MP+9 Dex+4} (You found it on level 2 of the Vaults)
 44375 | Vaults:2 | Received a gift from Trog
 44375 | Vaults:2 | Reached XP level 19. HP: 187/187 MP: 18/18
 44435 | Vaults:2 | Received a gift from Trog
 44805 | Vaults:2 | Noticed a Brimstone Fiend
 44988 | Vaults:2 | Received a gift from Trog
 45078 | Vaults:2 | HP: 1/189 [ogre mage/crystal spear (45)]
 45645 | Vaults:2 | Received a gift from Trog
 45767 | Vaults:2 | Noticed Margery
 45790 | Vaults:2 | Killed Margery
 46205 | Vaults:2 | Found Gokkopni's Distillery.
 46707 | Vaults:3 | Received a gift from Trog
 47683 | Vaults:3 | Found a staircase to the Crypt.
 47783 | Vaults:3 | Found Reuferph's Magic Scroll Shop.
 48034 | Depths:1 | Entered Level 1 of the Depths
 48369 | Depths:1 | Received a gift from Trog
 48389 | Depths:1 | Reached XP level 20. HP: 177/200 MP: 19/19
 49366 | Depths:1 | Found Entuinuez's Armour Shoppe.
 50772 | Depths:2 | Noticed PeterLawrence's ghost (legendary GrFi)
 51438 | Depths:2 | Killed PeterLawrence's ghost
 51926 | Depths:2 | Received a gift from Trog
 51927 | Depths:2 | Got a fine quarterstaff {god gift}
 51950 | Depths:2 | Found a one-way gate leading to the halls of Pandemonium.
 52024 | Depths:2 | Reached skill level 23 in Fighting
 53657 | Depths:3 | Upgraded the game from 0.18-a0-1229-ge9a1a01 to 0.18-a0-1243-g9e52518
 53707 | Depths:1 | Received a gift from Trog
 54615 | Vaults:3 | Reached XP level 21. HP: 204/213 MP: 20/20
 54640 | Vaults:3 | Received a gift from Trog
 55017 | Vaults:3 | Reached skill level 24 in Fighting
 55204 | Vaults:3 | Bought a scroll of summoning for 171 gold pieces
 55204 | Vaults:3 | Bought a scroll of magic mapping for 63 gold pieces
 55320 | Vaults:4 | Received a gift from Trog
 56476 | Vaults:4 | Received a gift from Trog
 56647 | Vaults:4 | Noticed Aizul
 56654 | Vaults:4 | Killed Aizul
 57004 | Vaults:4 | Received a gift from Trog
 57613 | Vaults:4 | Received a gift from Trog
 58756 | Depths:3 | Reached skill level 25 in Fighting
 58759 | Depths:3 | Received a gift from Trog
 59129 | Depths:3 | Noticed Xtahua
 59137 | Depths:3 | Killed Xtahua
 59490 | Depths:3 | Reached skill level 15 in Dodging
 59680 | Depths:3 | Noticed a juggernaut
 59684 | Depths:3 | Reached XP level 22. HP: 226/226 MP: 7/21
 59706 | Depths:3 | Killed a juggernaut
 60018 | Depths:3 | Noticed a golden dragon
 60042 | Depths:3 | Killed a golden dragon
 60485 | Depths:3 | Received a gift from Trog
 62101 | Depths:4 | Noticed a golden dragon
 62111 | Depths:3 | Killed a golden dragon
 62229 | Depths:4 | HP: 9/226 [caustic shrike zombie (9)]
 62229 | Depths:4 | Slain by a caustic shrike zombie

Vault maps used:
D:1:      nicolae_arrival_memento_mori
D:2:      lemuel_doored_altar, gammafunk_temple_overflow_wave, uniq_iyjb
D:3:      nicolae_overflow_hidden_temple, glass_columns_b, minmay_misc_feat_x
D:4:      first_bread, enter_ossuary_4
D:5:      kennysheep_mini_moat, old_standard_altar, grunt_gozag_statues
D:6:      marbit_many_paths, kennysheep_generic_room_5, uniq_menkaure,
          uniq_edmund
D:7:      minmay_temple_entry_grid, grunt_livestock
D:8:      kennysheep_orc_sif_temple, kennysheep_mini, basic_altar
D:9:      lemuel_crystal_altar, old_standard_altar, tso_oasis_becter
D:10:     erik_lair_island, serial_gnoll_camp, gnoll_camp_mini_hut,
          gnoll_camp_huts_moat, gnoll_camp_mini_loothouse, gnoll_camp_mini_house
D:11:     lab_entry_generic, lightli_swarmer, uniq_maud
D:12:     basic_altar, uniq_harold, uniq_nessos, uniq_rupert
D:13:     david_vaults_3, serial_shops, nicolae_shop_behind_doors,
          billiards_dpeg
D:14:     nicolae_ru_path_of_blood, special_room, lemuel_centaur_altar,
          uniq_sonja
D:15:     hangedman_depths_entry_try_elsewhere_first, lemuel_crystal_altar
Lair:1:   special_room, minivault_26, cheibrodos_lair_caveside_slide
Lair:2:   serial_bayou_pond_c, minivault_26, grunt_forest_stairs_basic
Lair:3:   infiniplex_staircase_pool_2, lemuel_fruit_tree, grunt_megastairs_2,
          serial_bayou_shore_a, serial_bayou_shore_b
Lair:4:   beast_lair_carwin_large_2, nicolae_spider_entry_orb_guardian,
          uniq_snorg
Lair:5:   grunt_megastairs_4
Lair:6:   swamp_mist_pool, slime_altar_1, lemuel_fruit_fields
Lair:7:   grunt_megastairs_5, uniq_kirke
Lair:8:   evil_forest, st_stairs_6, columned_hall_lemuel, wad_woods_03
Swamp:1:  nicolae_swamp_triple_paths
Swamp:2:  evilmike_swamp_ruin_rubble_2, swamp_pool4
Swamp:3:  evilmike_swamp_ruin_house_5, uniq_nikola
Swamp:4:  swamp_pestilence, infiniplex_staircase_pool, uniq_jorgrun
Spider:1: uniq_louise
Spider:2: hangedman_spider_mandibles, spider_trap, nicolae_spider_cling_halls
Spider:3: uniq_mara
Spider:4: guppyfry_spider_rune
Orc:1:    special_room
Orc:2:    grunt_orc_cross, basic_altar
Vaults:1: v_pattern_2, ontoclasm_vaults_twist, v_alt_pattern_1,
          hangedman_vaults_nails, nicolae_vaults_diagonal_hallway_7,
          nicolae_vaults_alarming, vaults_room_grunt_arrival_ludios,
          ontoclasm_vaults_loading_screen, nicolae_vaults_asterisk,
          nicolae_vaults_three_branches, ontoclasm_vaults_chip, serial_shops,
          statue_bzr, uniq_saint_roka
Vaults:2: vaults_dpeg_cross, grunt_vaults_funnel, v_misc_4, v_misc_2, v_misc_15,
          vaults_room_octagon, dpeg_vaults_monster_row,
          nicolae_vaults_little_squares_3, grunt_vaults_hallway_long,
          vaults_dpeg_hooks, v_misc_4, v_misc_11, serial_shops, shop,
          uniq_margery, uniq_donald
Vaults:3: minmay_crypt_entry_simple_walls, v_alt_pattern_4,
          hangedman_vaults_hard_town_square, v_misc_8, v_misc_23,
          nicolae_vaults_arrows, nicolae_vaults_ring_of_whatevers, v_misc_10,
          v_misc_1, nicolae_vaults_little_squares_5, nicolae_vaults_rhombus_6,
          vaults_room_door_hall, hangedman_vaults_snaps, vaults_mumra_hexcomb,
          ontoclasm_vaults_ligature, vaults_room_pools,
          nicolae_vaults_little_squares_4, serial_shops, nicolae_shop_crystal
Vaults:4: v_pattern_3, vaults_room_pool, v_alt_pattern_1, v_misc_2,
          ontoclasm_vaults_claustrophobia, hangedman_vaults_stream,
          hangedman_vaults_stretched_pinwheel, grunt_vaults_focal,
          vaults_room_semicircle, nicolae_vaults_angled_halls,
          grunt_vaults_hallway_short, uniq_aizul
Depths:1: grunt_decor_cap, grunt_hell_entry_dis_grunt, serial_shops,
          nicolae_shop_window_shopping, lemuel_flamethrower_1
Depths:2: kennysheep_windowed_halls, rand_demon_pan_entry_5, hell_entry,
          infiniplex_staircase_9_rooms
Depths:3: kennysheep_water_balloons, kennysheep_doodads, rand_demon_pan_entry_9,
          hell_entry, lightli_minifort, uniq_xtahua
Depths:4: evilmike_negative_zone, enter_ziggurat_c, abyss_entry_crystal,
          grunt_mini_vestibule, hangedman_decor_opposing, grunt_ministairs_2,
          serial_sigils_hangedman_snap, hex_tiny,
          minmay_staircase_windowed_small, uniq_mennas
Abyss:3:  hangedman_elemental_corridor, due_abyss_rune
Abyss:4:  minivault_11, minivault_28, evilmike_abyss_rune_shrine
Lab:      nicolae_lab_plus, labyrinth_skeletal_remains, nicolae_lab_quarters,
          nicolae_lab_diamond, labyrinth_lava_lair, labyrinth_glass_1,
          nicolae_lab_t_cross, nicolae_lab_big_swirl
Bazaar:   bazaar_outfitter
Ossuary:  ossuary_crypta

Action                   |  1- 3 |  4- 6 |  7- 9 | 10-12 | 13-15 | 16-18 | 19-21 | 22-24 || total
-------------------------+-------+-------+-------+-------+-------+-------+-------+-------++-------
Melee: Hand axe          |    69 |   212 |   354 |   156 |       |       |       |       ||   791
       Battleaxe         |       |       |       |   388 |   932 |  1411 |  1090 |       ||  3821
       Executioner's axe |       |       |       |       |    24 |       |   356 |   209 ||   589
Throw: Stone             |       |       |       |       |       |     2 |       |       ||     2
Invok: Berserk           |     1 |     4 |     4 |    10 |    25 |    13 |     9 |     1 ||    67
       Burn Spellbooks   |       |       |     1 |     2 |     1 |     3 |     4 |       ||    11
       Brothers in Arms  |       |       |       |     2 |    13 |    15 |    15 |     1 ||    46
       Trog's Hand       |       |       |       |     1 |     1 |     8 |     9 |     3 ||    22
  Use: Scroll            |       |     2 |     6 |    10 |    18 |    12 |     9 |       ||    57
       Potion            |       |       |     1 |       |     1 |     8 |     6 |     1 ||    17
 Stab: Distracted        |       |       |       |       |     1 |     4 |     1 |       ||     6
       Invisible         |       |       |       |       |       |     1 |     6 |       ||     7
  Eat: Chunk             |       |    10 |    14 |    28 |    50 |    17 |    29 |     9 ||   157
       Fruit             |       |     3 |       |     3 |    14 |       |     2 |       ||    22
       Bread ration      |       |       |     1 |     1 |       |     4 |     3 |       ||     9
       Beef jerky        |       |       |     1 |       |     1 |     6 |     2 |       ||    10
       Royal jelly       |       |       |       |       |     3 |     8 |     4 |       ||    15
       Pizza             |       |       |       |       |     1 |     1 |     2 |       ||     4
       Meat ration       |       |       |       |       |     1 |     1 |     1 |       ||     3
